 Dungeon Crawl Stone Soup version 0.29.1-15-g9cfb28693d (webtiles) character file.

Game seed: 3551238317169633120

3928 Anriel the Carver (level 10, -2/77 HPs)
             Began as a Human Gladiator on Mar 16, 2023.
             Was an Initiate of Gozag.
             Slain by an orc warrior
             ... wielding a +0 battleaxe
              (15 damage)
             ... on level 9 of the Dungeon.
             The game lasted 00:35:52 (8417 turns).

Anriel the Carver (Human Gladiator)                 Turns: 8417, Time: 00:35:53

Health: -2/77      AC: 10    Str: 13    XL:     10   Next: 44%
Magic:  10/10      EV: 12    Int:  8    God:    Gozag
Gold:   1091       SH:  0    Dex: 23    Spells: 9/9 levels left

rFire   . . .      SeeInvis .   a - +3 long sword
rCold   . . .      Faith    .   (no shield)
rNeg    . . .      Spirit   .   b - +0 chain mail
rPois   .          Reflect  .   (helmet restricted)
rElec   .          Harm     .   (no cloak)
rCorr   .          Rampage  .   (no gloves)
Will    +....                   (no boots)
Stlth   ..........              (no amulet)
HPRegen 0.22/turn               m - +4 ring of evasion
MPRegen 0.12/turn               (no ring)

@: gold aura, hasted, very quick
A: horns 1, agile 1, strong-willed 1, wild magic 1
a: Renounce Religion, Potion Petition, Call Merchant, Bribe Branch


You were on level 9 of the Dungeon.
You worshipped Gozag.
Gozag was most pleased with you.
You visited 2 branches of the dungeon, and saw 10 of its levels.
You also visited: Sewer.

You collected 1179 gold pieces.
You paid 88 gold pieces to Gozag.

Inventory:

Hand Weapons
 a - a +3 long sword (weapon)
 u - the +1 morningstar "Zuehoppa" {freeze, rPois rF+}
   (You found it on level 5 of the Dungeon)

   It freezes those it strikes, dealing additional cold damage.
   It can also slow down cold-blooded creatures.
   rF:        It protects you from fire.
   rPois:     It protects you from poison.
 y - a +0 shortbow
Missiles
 d - 2 throwing nets (quivered)
 e - 7 javelins
 t - 2 silver javelins
Armour
 b - a +0 chain mail (worn)
 c - a +0 helmet
Jewellery
 m - a +4 ring of evasion (left hand)
 C - a ring of see invisible
 D - a ring of flight
Wands
 p - a wand of digging (5)
 x - a wand of polymorph (10)
 A - a wand of flame (20)
Scrolls
 j - 3 scrolls of teleportation
 k - a scroll of identify
 n - a scroll of immolation {unknown}
 o - a scroll of fear
 q - 3 scrolls of amnesia
 B - a scroll of poison
Potions
 f - a potion of mutation
 g - 6 potions of haste
 h - a potion of berserk rage
 i - a potion of might
 l - 2 potions of lignification
 s - 2 potions of brilliance
 z - 3 potions of curing


   Skills:
 + Level 6.7 Fighting
 * Level 9.7 Long Blades
 - Level 2.0 Throwing
 * Level 5.8 Armour
 - Level 5.2 Dodging
 - Level 5.1 Evocations


You had 9 spell levels left.
You didn't know any spells.
Your spell library contained the following spells:

 Spells                   Type           Power      Damage    Failure   Level
 Apportation              Tloc           0%         N/A       100%        1
 Summon Small Mammal      Summ           0%         N/A       100%        1
 Ensorcelled Hibernation  Hex/Ice        0%         N/A       100%        2
 Passwall                 Tmut/Erth      0%         N/A       100%        2
 Static Discharge         Conj/Air       0%         3-3/arc   100%        2
 Sublimation of Blood     Necr           0%         N/A       100%        2
 Wereblood                Tmut           0%         N/A       100%        2
 Call Canine Familiar     Summ           0%         N/A       100%        3
 Summon Guardian Golem    Hex/Summ       0%         N/A       100%        3
 Swiftness                Air            0%         N/A       100%        3
 Dispel Undead            Necr           0%         3d6       100%        4
 Sticky Flame             Conj/Fire      0%         2d3       100%        4
 Alistair's Intoxication  Tmut/Pois      0%         N/A       100%        5
 Summon Hydra             Summ           0%         N/A       100%        7


Dungeon Overview and Level Annotations

Branches:
Dungeon (9/15)             Temple (1/1) D:6             Orc (0/2) D:9
  Sewer (visited)
   Lair: D:8-11

Altars:
Ashenzari
Cheibriados
Dithmenos
Elyvilon
Fedhas
Gozag
Hepliaklqana
Kikubaaqudgha
Nemelex Xobeh
Okawaru
Qazlal
Ru
Sif Muna
Trog
Uskayaw
Vehumet
Wu Jian
Yredelemnul
Zin
The Shining One


Innate Abilities, Weirdness & Mutations

You have a pair of small horns on your head.
You are agile. (Dex +4, Str/Int -1)
You are strong-willed. (Will+)
Your spells are a little harder to cast, but a little more powerful.


Message History

You slash the shadow!
You destroy the shadow!
You now have 1043 gold pieces (gained 3).
You hear the steady creaking of a very distant portcullis.
You now have 1063 gold pieces (gained 20).
n - a scroll labelled ETUAMIWNOU
Things that are here:
a +0 dagger; a +0 dagger; a +0 leather armour You now have 1091 gold pieces (gained 28).
Things that are here:
a +0 dagger; a +0 robe You start resting.
An orc comes into view. It is wielding a +0 dagger.
Found a book of Touch.
An orc warrior comes into view. It is wielding a +0 battleaxe.
The orc warrior shouts!
You hear a shout!
You completely miss the orc. You barely miss the orc.
The orc hits you but does no damage.
You closely miss the orc. The orc closely misses you.
You hit the orc.
The orc is heavily wounded.
The orc hits you but does no damage.
You hit the orc but do no damage. You headbutt the orc.
The orc is almost dead.
The orc hits you but does no damage.
You slash the orc!
You kill the orc!
The orc warrior barely misses you.
You hit the orc warrior.
You headbutt the orc warrior, but do no damage.
The orc warrior is lightly wounded.
The orc warrior barely misses you.
You hit the orc warrior.
The orc warrior is moderately wounded.
The orc warrior hits you with a +0 battleaxe!!
* * * LOW HITPOINT WARNING * * *
You feel yourself speed up.
The orc warrior hits you with a +0 battleaxe!
You die...
Your body crumbles into a pile of gold.

~~~~~~~~*,,,,,,,,,,,*,,,,........
,,,,,,**..........#,#.,,,........
,,,,,,**#......>..##........##...
,,,,,,,,*...................##...
,,,,,,,,,,...>...........(..##.##
,,,,,**,***#................#..*#
,,,,,*,,,* #.....##............,.
***,,,,,** #..$..###......#####*#
*,,,,,,,,###...o@.##......#...###
**,>,,,,...:..............).8....
,,,,,,,,..........#)......#...###
,**,,,,,.............###..##.#'##
,,,,,,,,...........#)##...##.##..
,,,,,,,,...........#.##...##.##.>
,,,,,,,,..................##.##.)
,,,,,,,,..###.#..........###.#'##
,,,,,,,,,,,*####.........##...##


You could see an orc warrior.

Vanquished Creatures
  2 slime creatures (D:6)
  A shadow (D:9)
  3 water moccasins
  A sky beast (D:8)
  2 ice beasts
  A black bear (D:8)
  4 orc warriors
  A centaur (D:5)
  2 ogres (D:4)
  3 bullfrogs
  6 kobold brigands
  4 scorpions
  5 killer bees (D:8)
  2 vampire bats (D:5)
  A hound (D:6)
  8 jellies
  3 orc priests
  2 gnoll boudas
  An iguana (D:5)
  7 orc wizards
  10 gnolls
  3 adders
  A river rat (D:3)
  A shadow imp (D:5)
  2 ufetubi
  4 worms
  2 dart slugs (D:5)
  43 orcs
  10 endoplasms
  5 giant cockroaches
  3 goblins
  9 hobgoblins
  9 jackals
  7 quokkas
  10 ball pythons
  11 bats
  3 frilled lizards
  36 kobolds
  7 rats
235 creatures vanquished.

Vanquished Creatures (others)
  An orc wizard (D:7)
  6 fungi (D:6)
  3 plants (D:6)
  8 toadstools (D:6)
18 creatures vanquished.

Grand Total: 253 creatures vanquished

Notes
Turn   | Place    | Note
-------+----------+-------------------------------------------
     0 | D:1      | Anriel the Human Gladiator began the quest for the Orb.
     0 | D:1      | Reached XP level 1. HP: 16/16 MP: 1/1
   147 | D:1      | Reached XP level 2. HP: 13/22 MP: 2/2
   565 | D:1      | Reached XP level 3. HP: 19/27 MP: 3/3
  1183 | D:2      | Reached XP level 4. HP: 26/34 MP: 4/4
  1196 | D:2      | Found a faded altar of an unknown god.
  1560 | D:2      | Gained mutation: You are agile. (Dex +4, Str/Int -1)
                  | [potion of mutation]
  1560 | D:2      | Gained mutation: You have supernaturally acute eyesight.
                  | (SInv) [potion of mutation]
  1560 | D:2      | Gained mutation: Your skin changes colour to match your
                  | surroundings (Stealth+). [potion of mutation]
  1605 | D:3      | Reached skill level 4 in Long Blades
  1611 | D:3      | Reached XP level 5. HP: 20/39 MP: 1/5
  1734 | D:3      | Found a glowing drain.
  1748 | Sewer    | Entered a sewer
  1791 | Sewer    | Noticed a water moccasin
  1806 | Sewer    | Killed a water moccasin
  1807 | Sewer    | Reached XP level 6. HP: 22/47 MP: 6/6
  2461 | D:3      | Lost mutation: Your skin changes colour to match your
                  | surroundings (Stealth+). [potion of mutation]
  2461 | D:3      | Lost mutation: You have supernaturally acute eyesight.
                  | (SInv) [potion of mutation]
  2461 | D:3      | Gained mutation: You are occasionally teleported next to
                  | monsters. [potion of mutation]
  2461 | D:3      | Gained mutation: Your magical capacity is low. (-10% MP)
                  | [potion of mutation]
  2461 | D:3      | Gained mutation: You are partially covered in iridescent
                  | scales. (AC +2) [potion of mutation]
  2977 | D:4      | Reached skill level 5 in Dodging
  2983 | D:4      | Reached skill level 5 in Long Blades
  3133 | D:4      | Noticed an ogre
  3144 | D:4      | Killed an ogre
  3145 | D:4      | Reached XP level 7. HP: 52/52 MP: 6/6
  3364 | D:4      | Reached skill level 1 in Evocations
  3452 | D:5      | Entered Level 5 of the Dungeon
  3464 | D:4      | Lost mutation: Your magical capacity is low. (-10% MP)
                  | [potion of mutation]
  3464 | D:4      | Lost mutation: You are occasionally teleported next to
                  | monsters. [potion of mutation]
  3464 | D:4      | Gained mutation: Your spells are a little easier to cast,
                  | but a little less powerful. [potion of mutation]
  3464 | D:4      | Gained mutation: You do not regenerate when monsters are
                  | visible. [potion of mutation]
  3464 | D:4      | Gained mutation: You have a pair of small horns on your
                  | head. [potion of mutation]
  3465 | D:4      | Lost mutation: Your spells are a little easier to cast, but
                  | a little less powerful. [potion of mutation]
  3465 | D:4      | Lost mutation: You do not regenerate when monsters are
                  | visible. [potion of mutation]
  3465 | D:4      | Lost mutation: You are partially covered in iridescent
                  | scales. (AC +2) [potion of mutation]
  3465 | D:4      | Gained mutation: You are strong-willed. (Will+) [potion of
                  | mutation]
  3465 | D:4      | Gained mutation: Your spells are a little harder to cast,
                  | but a little more powerful. [potion of mutation]
  3593 | D:5      | Identified the +1 morningstar "Zuehoppa" {freeze, rPois
                  | rF+}
  3661 | D:5      | Reached XP level 8. HP: 44/60 MP: 8/8
  3700 | D:5      | Reached skill level 6 in Long Blades
  4152 | D:6      | Reached skill level 7 in Long Blades
  4339 | D:6      | Noticed a slime creature
  4339 | D:6      | Noticed a slime creature
  4569 | D:6      | Reached skill level 5 in Fighting
  4569 | D:6      | Reached XP level 9. HP: 64/68 MP: 9/9
  4576 | D:6      | Found a staircase to the Ecumenical Temple.
  4587 | Temple   | Entered the Ecumenical Temple
  4759 | Temple   | Became a worshipper of Gozag Ym Sagoz the Greedy
  5115 | D:6      | Found a blossoming altar of Fedhas.
  5136 | D:6      | Reached skill level 5 in Evocations
  5613 | D:6      | Reached skill level 1 in Armour
  5827 | D:6      | Killed a slime creature
  5829 | D:6      | Killed a slime creature
  5830 | D:6      | Reached skill level 8 in Long Blades
  7027 | D:8      | Reached XP level 10. HP: 72/76 MP: 10/10
  7230 | D:8      | Reached skill level 9 in Long Blades
  7777 | D:8      | Reached skill level 5 in Armour
  8251 | D:9      | Found a staircase to the Orcish Mines.
  8417 | D:9      | Slain by an orc warrior

Illustrated notes

Levels and vault maps discovered:
D:1:      onia_arrival_pentagram, layout_basic, chequers_serial_rivers_micro_b,
          minmay_pentomino_w2
D:2:      layout_basic, nicolae_ecumenical_lake_church, serial_curves,
          eino_curves_03, eino_curves_04
D:3:      layout_basic, portal_sewer_entry_e
D:4:      layout_basic, dk_rats_in_the_wall
D:5:      layout_rooms, roderic_batcave
D:6:      cheibrodos_fertilizer, layout_loops_ring, fedhas_ov_isle_minmay,
          minmay_temple_entry_hall, kennysheep_nondescript,
          hangedman_decor_points
D:7:      layout_rooms
D:8:      layout_cave_pools, serial_column_ruins, column_ruins_hut,
          column_ruins_open_small, column_ruins_corridor_straight,
          column_ruins_open_tiny, column_ruins_columns_straight,
          column_ruins_open_medium, column_ruins_grid_1, column_ruins_open_small
D:9:      layout_cave_pools, lightli_temple_of_fire, hiddenorc2_lemuel,
          enter_bailey_4, hive_lemuel
Temple:   nicolae_temple_bog_church

Skill      XL: |  1  2  3  4  5  6  7  8  9 10 |
---------------+-------------------------------+-----
Long Blades    | 4 5 7 8 9 |  9.7
Dodging        | 4 5 |  5.2
Fighting       | 3 4 5 6 |  6.7
Evocations     | 2 4 5 |  5.1
Armour         | 4 5 |  5.8
Throwing       | |  2.0

Action                   |  1- 3 |  4- 6 |  7- 9 | 10-12 || total
-------------------------+-------+-------+-------+-------++-------
Melee: Long sword        |   104 |   135 |   281 |   149 ||   669
       Punch             |       |     2 |     8 |       ||    10
       Headbutt          |       |       |    61 |    31 ||    92
Throw: Throwing net      |       |     2 |     1 |       ||     3
       Javelin           |       |       |     5 |       ||     5
Evoke: Wand              |       |       |     4 |       ||     4
  Use: Scroll            |     9 |     1 |     9 |     4 ||    23
       Potion            |       |     4 |     6 |     9 ||    19
 Stab: Distracted        |     1 |       |     1 |     3 ||     5
       Sleeping          |     1 |       |       |       ||     1
       Held in net/web   |       |       |     1 |       ||     1
Armor: Leather armour    |    21 |       |       |       ||    21
       Chain mail        |    30 |    51 |   110 |    53 ||   244
       Scale mail        |     1 |       |       |       ||     1
Dodge: Dodged            |    79 |    89 |   167 |    77 ||   412
